[ AOE2 MATCH · #505612067 ]
UnrankedSlavs vs Koreans
Player's team · WIN
Rival team · LOSS
[ REPLAY ANALYSIS · EXTRACTED FROM THE RECORDED GAME ]
Feudal
8:51
Castle
21:47
Imperial
35:24
| APM avg | 78.5 |
| APM peak | 151 |
| eAPM avg | 36.1 |
| Villagers / military | 140 / 86 |
Focus
⚔️ 32.0% · 🌾 68.0%
Knight ×40 · Archer ×18 · Boyar ×7 · Trebuchet (Packed) ×6 · Monk ×4 · Militia ×4
Feudal
13:45
Castle
20:53
Imperial
38:40
| APM avg | 47.2 |
| APM peak | 75 |
| eAPM avg | 27.9 |
| Villagers / military | 178 / 88 |
Focus
⚔️ 44.0% · 🌾 56.0%
Fire Lancer ×54 · Militia ×15 · War Wagon ×8 · Iron Pagoda ×5 · Scorpion ×3 · Battering Ram ×3
Match map
Initial resources + every placement click. Lines = walls · curves = elevation contours. ◆ gold · ⬟ stone · ● berries · ✦ relic · ◌ wall gap
Your base· ✓ Closed at 21:47 · 32t walls · 1 gate(s)
Predestined Jean Calvin's base· Open — 3t gap
Smoothed initial terrain · ◌ = detected wall gap · hover for details
Inputs per minute
— TUAN - - Predestined Jean Calvin
Build order — TUAN
First 150 of 401 actions detected
| 0:00 | Queue | Villager (Male) |
| 0:01 | Queue | Villager (Male) |
| 0:01 | Queue | Villager (Male) |
| 0:03 | Build | House |
| 0:04 | Build | House |
| 0:48 | Queue | Villager (Male) |
| 0:48 | Queue | Villager (Male) |
| 1:22 | Queue | Villager (Male) |
| 1:23 | Queue | Villager (Male) |
| 1:59 | Queue | Villager (Male) |
| 2:00 | Queue | Villager (Male) |
| 2:19 | Build | Lumber Camp |
| 2:22 | Queue | Villager (Male) |
| 2:22 | Queue | Villager (Male) |
| 2:22 | Queue | Villager (Male) |
| 2:52 | Queue | Villager (Male) |
| 2:52 | Queue | Villager (Male) |
| 2:53 | Queue | Villager (Male) |
| 3:11 | Queue | Villager (Male) |
| 3:11 | Queue | Villager (Male) |
| 3:54 | Build | House |
| 4:01 | Queue | Villager (Male) |
| 4:01 | Queue | Villager (Male) |
| 4:01 | Queue | Villager (Male) |
| 4:37 | Queue | Villager (Male) |
| 4:37 | Queue | Villager (Male) |
| 4:38 | Queue | Villager (Male) |
| 4:43 | Queue | Villager (Male) |
| 5:09 | Build | Barracks |
| 5:41 | Queue | Villager (Male) |
| 5:42 | Research | Loom |
| 6:05 | Build | House |
| 6:41 | Research | Feudal Age |
| 7:00 | Queue | Militia |
| 7:00 | Queue | Militia |
| 7:08 | Build | Mining Camp |
| 7:17 | Queue | Militia |
| 7:28 | Queue | Militia |
| 8:02 | Queue | Villager (Male) |
| 8:15 | Build | Palisade Wall |
| 8:18 | Build | Palisade Wall |
| 8:33 | Build | Palisade Wall |
| 8:51 | Age | Feudal Age |
| 8:56 | Research | Man-at-Arms (upgrade) |
| 8:57 | Queue | Villager (Male) |
| 9:02 | Build | Archery Range |
| 9:19 | Build | Mill |
| 9:42 | Queue | Villager (Male) |
| 9:42 | Queue | Villager (Male) |
| 9:50 | Build | Blacksmith |
| 10:19 | Queue | Villager (Male) |
| 10:20 | Queue | Archer |
| 10:22 | Build | Farm |
| 10:34 | Build | Farm |
| 10:49 | Build | House |
| 10:51 | Queue | Villager (Male) |
| 10:51 | Queue | Villager (Male) |
| 10:51 | Queue | Villager (Male) |
| 11:16 | Queue | Villager (Male) |
| 11:16 | Queue | Villager (Male) |
| 11:19 | Build | Farm |
| 11:20 | Build | Farm |
| 11:24 | Build | Farm |
| 11:35 | Queue | Villager (Male) |
| 11:53 | Queue | Villager (Male) |
| 11:57 | Build | House |
| 11:58 | Build | House |
| 11:59 | Build | Palisade Wall |
| 12:07 | Queue | Spearman |
| 12:16 | Queue | Villager (Male) |
| 12:17 | Queue | Archer |
| 13:05 | Queue | Villager (Male) |
| 13:07 | Research | Double-Bit Axe |
| 13:21 | Build | Farm |
| 13:22 | Build | Farm |
| 13:23 | Queue | Villager (Male) |
| 13:38 | Build | Farm |
| 13:39 | Build | Farm |
| 13:40 | Queue | Villager (Male) |
| 13:58 | Queue | Archer |
| 14:05 | Build | Farm |
| 14:08 | Build | House |
| 14:08 | Build | House |
| 14:10 | Queue | Villager (Male) |
| 14:14 | Build | Palisade Wall |
| 14:18 | Queue | Archer |
| 14:30 | Queue | Villager (Male) |
| 14:33 | Build | Farm |
| 14:37 | Queue | Villager (Male) |
| 14:41 | Build | Palisade Gate |
| 14:45 | Queue | Archer |
| 15:11 | Research | Fletching |
| 15:18 | Queue | Villager (Male) |
| 15:18 | Queue | Archer |
| 15:22 | Build | Archery Range |
| 15:40 | Queue | Villager (Male) |
| 15:43 | Build | Farm |
| 15:46 | Research | Horse Collar |
| 15:46 | Research | Horse Collar |
| 15:52 | Queue | Archer |
| 16:06 | Build | Lumber Camp |
| 16:16 | Queue | Villager (Male) |
| 16:28 | Build | Palisade Wall |
| 16:30 | Build | Palisade Wall |
| 16:37 | Queue | Villager (Male) |
| 17:04 | Build | Market |
| 17:11 | Build | Farm |
| 17:12 | Queue | Villager (Male) |
| 17:23 | Build | Farm |
| 17:37 | Queue | Villager (Male) |
| 17:41 | Build | Palisade Wall |
| 17:44 | Build | Palisade Wall |
| 17:53 | Queue | Villager (Male) |
| 17:56 | Build | Lumber Camp |
| 18:01 | Build | Farm |
| 18:06 | Build | House |
| 18:13 | Build | Palisade Wall |
| 18:34 | Queue | Villager (Male) |
| 18:41 | Build | Farm |
| 18:48 | Build | House |
| 18:48 | Build | House |
| 18:59 | Build | Archery Range |
| 19:00 | Build | Palisade Wall |
| 19:07 | Research | Castle Age |
| 19:07 | Research | Castle Age |
| 19:07 | Research | Castle Age |
| 19:26 | Research | Gold Mining |
| 19:26 | Research | Gold Mining |
| 19:32 | Queue | Archer |
| 19:32 | Queue | Archer |
| 19:44 | Queue | Villager (Male) |
| 19:48 | Build | House |
| 20:01 | Queue | Archer |
| 20:02 | Queue | Archer |
| 20:21 | Queue | Villager (Male) |
| 20:35 | Queue | Archer |
| 20:35 | Queue | Archer |
| 20:39 | Build | Lumber Camp |
| 20:42 | Queue | Archer |
| 20:43 | Queue | Archer |
| 20:43 | Queue | Archer |
| 20:58 | Queue | Villager (Male) |
| 21:25 | Queue | Archer |
| 21:26 | Queue | Archer |
| 21:47 | Age | Castle Age |
| 21:48 | Build | Monastery |
| 21:51 | Build | Siege Workshop |
| 21:52 | Queue | Villager (Male) |
| 21:53 | Research | Bodkin Arrow |
| 21:59 | Research | Crossbowman (upgrade) |
Build order — Predestined Jean Calvin
First 150 of 464 actions detected
| 0:01 | Queue | Villager (Male) |
| 0:01 | Queue | Villager (Male) |
| 0:01 | Queue | Villager (Male) |
| 0:05 | Build | House |
| 0:07 | Build | House |
| 0:12 | Queue | Villager (Male) |
| 0:12 | Queue | Villager (Male) |
| 0:12 | Queue | Villager (Male) |
| 1:24 | Queue | Villager (Male) |
| 1:25 | Queue | Villager (Male) |
| 1:50 | Queue | Villager (Male) |
| 1:50 | Queue | Villager (Male) |
| 1:50 | Queue | Villager (Male) |
| 1:50 | Queue | Villager (Male) |
| 2:20 | Build | Lumber Camp |
| 2:30 | Queue | Villager (Male) |
| 2:31 | Queue | Villager (Male) |
| 2:31 | Queue | Villager (Male) |
| 3:01 | Queue | Villager (Male) |
| 3:27 | Build | House |
| 3:30 | Queue | Villager (Male) |
| 3:30 | Queue | Villager (Male) |
| 3:53 | Queue | Villager (Male) |
| 3:54 | Queue | Villager (Male) |
| 3:54 | Queue | Villager (Male) |
| 4:23 | Queue | Villager (Male) |
| 4:41 | Build | Barracks |
| 4:49 | Queue | Villager (Male) |
| 4:49 | Queue | Villager (Male) |
| 4:49 | Queue | Villager (Male) |
| 5:02 | Queue | Villager (Male) |
| 5:02 | Queue | Villager (Male) |
| 5:03 | Queue | Villager (Male) |
| 5:30 | Build | House |
| 5:32 | Queue | Villager (Male) |
| 5:41 | Queue | Militia |
| 5:42 | Queue | Militia |
| 5:42 | Queue | Militia |
| 5:56 | Queue | Villager (Male) |
| 5:59 | Queue | Militia |
| 6:18 | Build | Mill |
| 6:19 | Queue | Villager (Male) |
| 6:34 | Queue | Militia |
| 6:40 | Build | House |
| 6:53 | Build | House |
| 7:06 | Queue | Villager (Male) |
| 7:07 | Queue | Militia |
| 7:26 | Queue | Villager (Male) |
| 7:39 | Queue | Villager (Male) |
| 7:45 | Queue | Militia |
| 7:45 | Queue | Militia |
| 7:49 | Build | Mining Camp |
| 7:58 | Queue | Militia |
| 8:13 | Queue | Villager (Male) |
| 8:16 | Build | House |
| 8:37 | Queue | Militia |
| 8:37 | Queue | Villager (Male) |
| 8:53 | Build | Farm |
| 9:08 | Build | Farm |
| 9:13 | Research | Loom |
| 9:32 | Queue | Militia |
| 9:32 | Queue | Militia |
| 9:43 | Queue | Villager (Male) |
| 9:43 | Queue | Villager (Male) |
| 9:45 | Build | Farm |
| 9:45 | Build | Farm |
| 10:16 | Queue | Villager (Male) |
| 10:25 | Build | Farm |
| 10:54 | Build | Farm |
| 10:56 | Queue | Villager (Male) |
| 11:09 | Build | House |
| 11:35 | Research | Feudal Age |
| 11:35 | Research | Feudal Age |
| 11:57 | Queue | Militia |
| 11:57 | Queue | Militia |
| 11:59 | Build | Mining Camp |
| 12:07 | Queue | Militia |
| 12:30 | Build | Farm |
| 12:32 | Build | Farm |
| 13:19 | Queue | Villager (Male) |
| 13:45 | Age | Feudal Age |
| 13:48 | Build | Blacksmith |
| 13:50 | Research | Double-Bit Axe |
| 13:50 | Research | Horse Collar |
| 13:50 | Research | Horse Collar |
| 13:58 | Queue | Villager (Male) |
| 14:07 | Build | Watch Tower |
| 14:21 | Build | Watch Tower |
| 14:24 | Queue | Villager (Male) |
| 14:32 | Build | House |
| 14:33 | Build | Palisade Wall |
| 14:40 | Queue | Villager (Male) |
| 14:44 | Build | Farm |
| 14:47 | Build | Farm |
| 14:51 | Build | House |
| 14:53 | Build | Palisade Wall |
| 14:57 | Build | Palisade Wall |
| 15:12 | Build | Palisade Wall |
| 15:22 | Build | House |
| 15:23 | Build | House |
| 15:34 | Queue | Villager (Male) |
| 15:43 | Queue | Villager (Male) |
| 15:49 | Build | House |
| 15:50 | Build | House |
| 15:52 | Queue | Villager (Male) |
| 16:02 | Build | Market |
| 16:04 | Queue | Villager (Male) |
| 16:08 | Build | Farm |
| 16:10 | Build | Farm |
| 16:11 | Build | Farm |
| 16:15 | Build | Palisade Wall |
| 16:33 | Build | Palisade Wall |
| 16:50 | Build | House |
| 17:04 | Queue | Villager (Male) |
| 17:19 | Build | Farm |
| 17:27 | Build | Outpost |
| 17:32 | Build | Farm |
| 17:39 | Queue | Villager (Male) |
| 17:58 | Build | Stone Wall |
| 18:02 | Build | Stone Wall |
| 18:13 | Research | Castle Age |
| 18:13 | Research | Castle Age |
| 18:33 | Build | Farm |
| 18:46 | Build | Farm |
| 18:49 | Research | Gold Mining |
| 19:09 | Research | Stone Mining |
| 19:09 | Research | Stone Mining |
| 19:23 | Build | Stone Wall |
| 19:51 | Build | Palisade Wall |
| 19:53 | Build | Palisade Wall |
| 20:02 | Build | Farm |
| 20:03 | Build | Farm |
| 20:03 | Build | Farm |
| 20:22 | Queue | Villager (Male) |
| 20:25 | Build | Stone Wall |
| 20:40 | Queue | Villager (Male) |
| 20:53 | Age | Castle Age |
| 20:54 | Build | Farm |
| 20:55 | Queue | Villager (Male) |
| 20:57 | Build | Siege Workshop |
| 21:03 | Research | Bow Saw |
| 21:03 | Research | Heavy Plow |
| 21:03 | Research | Heavy Plow |
| 21:09 | Queue | Villager (Male) |
| 21:42 | Queue | Villager (Male) |
| 21:45 | Queue | Scorpion |
| 21:47 | Queue | Villager (Male) |
| 21:57 | Build | Town Center |
| 22:03 | Research | Fletching |
| 22:04 | Queue | Villager (Male) |
Match timeline
| 4:41 | Predestined Jean Calvin · first_building Barracks |
| 5:09 | TUAN · first_building Barracks |
| 8:15 | TUAN · wall_segment Palisade Wall x1 |
| 8:18 | TUAN · wall_segment Palisade Wall x1 |
| 8:33 | TUAN · wall_segment Palisade Wall x1 |
| 8:51 | TUAN · age_up feudal |
| 9:02 | TUAN · first_building Archery Range |
| 11:59 | TUAN · wall_segment Palisade Wall x1 |
| 13:45 | Predestined Jean Calvin · age_up feudal |
| 14:14 | TUAN · wall_segment Palisade Wall x11 |
| 14:33 | Predestined Jean Calvin · wall_segment Palisade Wall x1 |
| 14:53 | Predestined Jean Calvin · wall_segment Palisade Wall x2 |
| 14:57 | Predestined Jean Calvin · wall_segment Palisade Wall x2 |
| 15:12 | Predestined Jean Calvin · wall_segment Palisade Wall x1 |
| 16:15 | Predestined Jean Calvin · wall_segment Palisade Wall x1 |
| 16:28 | TUAN · wall_segment Palisade Wall x1 |
| 16:30 | TUAN · wall_segment Palisade Wall x10 |
| 16:33 | Predestined Jean Calvin · wall_segment Palisade Wall x3 |
| 17:06 | Predestined Jean Calvin · first_market_buy 100 food |
| 17:41 | TUAN · wall_segment Palisade Wall x1 |
| 17:44 | TUAN · wall_segment Palisade Wall x5 |
| 17:58 | Predestined Jean Calvin · wall_segment Stone Wall x4 |
| 18:02 | Predestined Jean Calvin · wall_segment Stone Wall x3 |
| 18:13 | TUAN · wall_segment Palisade Wall x4 |
| 18:24 | TUAN · first_market_buy 100 food |
| 18:26 | TUAN · first_market_sell 100 stone |
| 19:00 | TUAN · wall_segment Palisade Wall x1 |
| 19:23 | Predestined Jean Calvin · wall_segment Stone Wall x4 |
| 19:51 | Predestined Jean Calvin · wall_segment Palisade Wall x9 |
| 19:53 | Predestined Jean Calvin · wall_segment Palisade Wall x1 |
| 20:25 | Predestined Jean Calvin · wall_segment Stone Wall x1 |
| 20:53 | Predestined Jean Calvin · age_up castle |
| 20:57 | Predestined Jean Calvin · first_building Siege Workshop |
| 21:47 | TUAN · age_up castle |
| 21:48 | TUAN · first_building Monastery |
| 21:51 | TUAN · first_building Siege Workshop |
| 22:22 | TUAN · first_building Stable |
| 23:36 | Predestined Jean Calvin · wall_segment Stone Wall x1 |
| 24:42 | Predestined Jean Calvin · wall_segment Stone Wall x1 |
| 24:44 | Predestined Jean Calvin · wall_segment Stone Wall x1 |
| 24:47 | Predestined Jean Calvin · wall_segment Stone Wall x1 |
| 26:50 | TUAN · wall_segment Palisade Wall x1 |
| 28:10 | Predestined Jean Calvin · first_building Castle |
| 28:54 | TUAN · wall_segment Stone Wall x1 |
| 30:16 | Predestined Jean Calvin · first_market_sell 100 food |
| 30:54 | TUAN · wall_segment Stone Wall x1 |
| 32:27 | TUAN · first_building Castle |
| 34:47 | TUAN · wall_segment Stone Wall x11 |
| 35:24 | TUAN · age_up imperial |
| 37:32 | Predestined Jean Calvin · wall_segment Stone Wall x12 |
| 38:19 | Predestined Jean Calvin · wall_segment Stone Wall x1 |
| 38:24 | Predestined Jean Calvin · wall_segment Stone Wall x1 |
| 38:37 | Predestined Jean Calvin · wall_segment Stone Wall x1 |
| 38:39 | Predestined Jean Calvin · wall_segment Stone Wall x1 |
| 38:40 | Predestined Jean Calvin · age_up imperial |
| 40:14 | Predestined Jean Calvin · resign |
[ AI ANALYSIS · 1 CREDIT ]
What really happened in this match?
Wolo.gg analyzes every decision: build order, eco, micro, common mistakes by bracket. Personalized analysis on WhatsApp or Discord in 30 seconds.
Civ guide
Slavs
Perfil
Jugador #10496191